 Dungeon Crawl Stone Soup version 0.29.1-2-gbd0b4ee654 (webtiles) character file.

Game seed: 11247387779074485766

65 mortz the Grasshopper (level 3, 0/18 HPs)
             Began as a Spriggan Warper on Nov 1, 2022.
             Slain by a jackal (3 damage)
             ... on level 2 of the Dungeon.
             The game lasted 00:15:22 (3419 turns).

mortz the Grasshopper (Spriggan Warper)             Turns: 3419, Time: 00:15:23

Health: 0/18       AC:  3    Str:  7    XL:     3   Next: 92%
Magic:  8/8        EV: 18    Int: 14    God:
Gold:   66         SH:  0    Dex: 16    Spells: 6/8 levels left

rFire   . . .      SeeInvis +   a - +0 dagger
rCold   . . .      Faith    .   (no shield)
rNeg    . . .      Spirit   .   b - +1 robe
rPois   .          Reflect  .   (helmet restricted)
rElec   .          Harm     .   (no cloak)
rCorr   .          Rampage  .   (gloves unavailable)
Will    .....                   (boots unavailable)
Stlth   ++........              (no amulet)
HPRegen 0.06/turn               (no ring)
MPRegen 0.11/turn               (no ring)

@: very quick
A: very small, no large weapons, unfitting armour, see invisible, speed 3
a: no special abilities


You were on level 2 of the Dungeon.
You visited 1 branch of the dungeon, and saw 2 of its levels.

You collected 66 gold pieces.

Inventory:

Hand Weapons
 a - a +0 dagger (weapon)
 f - a +0 spear
 h - a +0 short sword
 i - a +0 dagger
 j - a +0 dagger
 k - a +0 hand axe
Missiles
 d - 7 boomerangs of dispersal
 e - 27 stones
 l - 3 boomerangs (quivered)
 m - 7 poisoned darts
Armour
 b - a +1 robe (worn)
Scrolls
 c - 3 scrolls of blinking
 g - 2 scrolls of teleportation
 n - a scroll of magic mapping
 p - 3 scrolls of acquirement {unknown}
 q - 2 scrolls of enchant armour
 r - a scroll of brand weapon {unknown}
 u - a scroll of identify
Potions
 o - a potion of invisibility {unknown}
 s - a potion of heal wounds {unknown}
 t - a potion of berserk rage {unknown}
 v - a potion of curing {unknown}


   Skills:
 + Level 2.0 Fighting
 + Level 3.1 Short Blades
 + Level 1.0 Throwing
 + Level 4.0 Dodging
 + Level 0.9 Stealth
 + Level 3.0 Spellcasting
 + Level 5.0 Translocations


You had 6 spell levels left.
You knew the following spells:

 Your Spells              Type           Power      Damage    Failure   Level
b - Blink                 Tloc           32%        N/A       4%          2

Your spell library contained the following spells:

 Spells                   Type           Power      Damage    Failure   Level
 Gell's Gravitas          Tloc           16%        N/A       8%          3
 Lesser Beckoning         Tloc           16%        N/A       8%          3
 Teleport Other           Tloc           16%        N/A       8%          3
 Manifold Assault         Tloc           16%        N/A       58%         5


Dungeon Overview and Level Annotations

Branches:
Dungeon (2/15) Zot: 9224

Altars:


Innate Abilities, Weirdness & Mutations

You are very small and have problems with some larger weapons.
You are too small for most types of armour.
You have supernaturally acute eyesight. (SInv)
You cover ground extremely quickly. (Speed+++)


Message History

The jackal bites you.
You hit the hobgoblin but do no damage.
The hobgoblin is severely wounded.
The bat misses you. The hobgoblin misses you. The jackal completely misses you.
You hit the hobgoblin but do no damage.
The hobgoblin is severely wounded.
The hobgoblin completely misses you. The jackal barely misses you.
You hit the hobgoblin but do no damage.
The hobgoblin is severely wounded.
The bat barely misses you. The jackal bites you. The hobgoblin hits you.
* * * LOW HITPOINT WARNING * * *
You are too injured to fight recklessly!
You are too injured to fight recklessly!
You are too injured to fight recklessly!
You are too injured to fight recklessly!
You are too injured to fight recklessly!
You are too injured to fight recklessly!
You barely miss the hobgoblin.
The hobgoblin is severely wounded.
The jackal closely misses you. The hobgoblin completely misses you.
You hit the hobgoblin.
You kill the hobgoblin!
The bat barely misses you. The jackal bites you.
* * * LOW HITPOINT WARNING * * *
The bat closely misses you. The jackal misses you.
Things that are here:
a hobgoblin corpse; a jackal corpse The bat closely misses you.
The bat attacks as you move away! The bat barely misses you.
The bat attacks as you move away! The bat misses you.
The bat completely misses you.
You hit the bat.
You kill the bat!
You hit the jackal but do no damage. The jackal misses you.
You hit the jackal but do no damage. The jackal misses you.
You hit the jackal but do no damage. The jackal closely misses you.
You closely miss the jackal. You closely miss the jackal.
The jackal closely misses you.
You closely miss the jackal. The jackal bites you.
You die...

#.....##..#######.
#.....##..........
#.....###.........
#.....# #.........
#.....# #.........
#.....# ##...[....
#.....# #........
#...†)# #........
#@h.†.# #........
####### #........
#........
#########


You could see a jackal.

Vanquished Creatures
  A gnoll (D:1)
  2 adders
  A dart slug (D:1)
  2 ball pythons (D:1)
  An endoplasm (D:1)
  4 goblins (D:1)
  8 hobgoblins
  2 jackals (D:2)
  3 kobolds (D:1)
  2 quokkas (D:1)
  A bat (D:2)
  2 frilled lizards (D:1)
  5 rats
34 creatures vanquished.

Notes
Turn   | Place    | Note
-------+----------+-------------------------------------------
     0 | D:1      | mortz the Spriggan Warper began the quest for the Orb.
     0 | D:1      | Reached XP level 1. HP: 10/10 MP: 5/5
   615 | D:1      | Found a faded altar of an unknown god.
   642 | D:1      | Reached XP level 2. HP: 14/14 MP: 6/6
   760 | D:1      | Learned a level 2 spell: Blink
  1253 | D:1      | Reached skill level 5 in Translocations
  2420 | D:1      | Reached XP level 3. HP: 16/18 MP: 8/8
  3419 | D:2      | Slain by a jackal

Illustrated notes

Levels and vault maps discovered:
D:1:      dpeg_arrival_pond, layout_basic,
          hellmonk_ecumenical_altar_pennies_from_heaven, minmay_tetromino_l4
D:2:      layout_basic

Skill      XL: |  1  2  3 |
---------------+----------+-----
Translocations | 5 |  5.0
Spellcasting   | 3 |  3.0
Short Blades   | 3 |  3.1
Dodging        | 4 |  4.0
Fighting       | 2 |  2.0
Throwing       | |  1.0
Stealth        | |  0.9

Action                   || total
-------------------------++-------
Melee: Dagger            ||   192
       Short sword       ||    14
       Punch             ||     2
Throw: Boomerang         ||    13
 Cast: Blink             ||     2
  Use: Scroll            ||     5
 Stab: Sleeping          ||     3
Armor: Robe              ||    23
Dodge: Dodged            ||   213
